 Dungeon Crawl Stone Soup version 0.29.1-12-g30fa7ad0bf (webtiles) character file.

Game seed: 7487826094195447712

93 sanboga the Chopper (level 4, 0/41 HPs)
             Began as a Minotaur Berserker on Jan 5, 2023.
             Was a Believer of Trog.
             Slain by an orc wizard
             ... wielding a +0 flail
              (7 damage)
             ... on level 3 of the Dungeon.
             The game lasted 00:01:56 (2300 turns).

sanboga the Chopper (Minotaur Berserker)            Turns: 2300, Time: 00:01:56

Health: 0/41       AC:  2    Str: 23    XL:     4   Next: 37%
Magic:  3/3        EV: 12    Int:  4    God:    Trog [**....]
Gold:   52         SH:  0    Dex: 10    Spells: 3/3 levels left

rFire   . . .      SeeInvis +   a - +0 hand axe
rCold   . . .      Faith    .   (no shield)
rNeg    . . .      Spirit   .   b - +0 animal skin
rPois   .          Reflect  .   (helmet restricted)
rElec   .          Harm     .   m - scarf {+Inv}
rCorr   .          Rampage  .   (no gloves)
Will    .....                   (no boots)
Stlth   +.........              (no amulet)
HPRegen 0.13/turn               g - ring of see invisible
MPRegen 0.08/turn               (no ring)

@: no status effects
A: horns 2, retaliatory headbutt
a: Renounce Religion, Evoke Invisibility, Berserk, Trog's Hand


You were on level 3 of the Dungeon.
You worshipped Trog.
Trog was pleased with you.
You visited 1 branch of the dungeon, and saw 3 of its levels.

You collected 52 gold pieces.

Inventory:

Hand Weapons
 a - a +0 hand axe (weapon)
Armour
 b - a +0 animal skin (worn)
 m - a scarf of invisibility (worn)
Jewellery
 g - a ring of see invisible (left hand)
Scrolls
 c - 3 scrolls of amnesia {unknown}
 d - a scroll of fear {unknown}
 e - a scroll of noise {unknown}
 f - a scroll of enchant armour {unknown}
 i - a scroll of identify {unknown}
 j - a scroll of acquirement {unknown}
 l - a scroll of immolation {unknown}
Potions
 h - a potion of attraction {unknown}
 k - 2 potions of haste {unknown}


   Skills:
 + Level 4.4 Fighting
 * Level 5.2 Axes
 + Level 3.4 Armour
 - Level 2.1 Dodging


You had 3 spell levels left.
You didn't know any spells.
Your spell library was empty.

Dungeon Overview and Level Annotations

Branches:
Dungeon (3/15)

Altars:

Shops:
D:1 ?


Innate Abilities, Weirdness & Mutations

You have a pair of horns on your head.
You reflexively headbutt those who attack you in melee.


Message History

You slash the orc!
You kill the orc!
Trog accepts your kill.
You hit the quokka but do no damage. The quokka bites you.
The orc wizard misses you. The quokka misses you.
You barely miss the orc wizard. Your headbutt misses the orc wizard.
The orc wizard is heavily wounded.
You barely miss the quokka.
The orc wizard points at you and mumbles some strange words.
You are confused.
The quokka bites you.
You are too confused!
You are too confused!
You're too confused to move!
The quokka closely misses you. The orc wizard barely misses you.
You completely miss the orc wizard.
The orc wizard is heavily wounded.
You slash the quokka!
You kill the quokka!
Trog accepts your kill.
The orc wizard hits you with a +0 flail.
The orc wizard closely misses you.
You see here a quokka corpse.
An orc comes into view. It is wielding a +0 trident.
The orc wizard hits you with a +0 flail!
* * * LOW HITPOINT WARNING * * *
You closely miss the orc wizard.
The orc wizard is heavily wounded.
You miss the rat.
You feel less confused.
The orc shouts!
The rat barely misses you. The orc wizard barely misses you.
You closely miss the orc wizard.
The orc wizard is heavily wounded.
You closely miss the rat. The rat barely misses you. You furiously retaliate!
You headbutt the rat.
You kill the rat!
Trog accepts your kill.
The orc wizard hits you with a +0 flail!
You die...

#..#######.... #...
.####............ .##...
................. .....
###.....#.......
.##...###...##..#.......
............##.##.......
.......####.......###...
........................
.......@####..........#.
......†o†............. .
.......o..............
.......###..##........
....... .............
#.##.## #....#........ .
#. .!##........ #. ###
........ .#....


You could see an orc wizard (invisible) and an orc.

Vanquished Creatures
  2 adders (D:3)
  3 dart slugs
  5 orcs
  7 endoplasms
  A giant cockroach (D:1)
  5 goblins
  4 hobgoblins
  8 jackals
  5 kobolds
  2 quokkas
  3 ball pythons
  5 bats
  3 frilled lizards
  8 rats
61 creatures vanquished.

Notes
Turn   | Place    | Note
-------+----------+-------------------------------------------
     0 | D:1      | sanboga the Minotaur Berserker began the quest for the Orb.
     0 | D:1      | Reached XP level 1. HP: 19/19 MP: 0/0
   221 | D:1      | Reached skill level 4 in Axes
   262 | D:1      | Reached XP level 2. HP: 24/27 MP: 1/1
   471 | D:1      | Reached XP level 3. HP: 19/33 MP: 2/2
   748 | D:1      | Found Sukegiw's Magic Scroll Shoppe.
   984 | D:2      | Found a faded altar of an unknown god.
  1129 | D:2      | Reached ** piety under Trog
  1987 | D:3      | Reached skill level 5 in Axes
  1987 | D:3      | Reached XP level 4. HP: 14/41 MP: 3/3
  2300 | D:3      | Slain by an orc wizard

Illustrated notes

Levels and vault maps discovered:
D:1:      matt_arrival_diagonals, layout_rooms, serial_shops,
          nicolae_diamond_shop
D:2:      layout_basic, shapermc_ecumenical_altar_gd
D:3:      layout_rooms, okawaru_trees_1

Skill      XL: |  1  2  3 |
---------------+----------+-----
Axes           | 4 5 |  5.2
Fighting       | 4 |  4.4
Armour         | 3 |  3.4
Dodging        | |  2.1

Action                   |  1- 3 |  4- 6 || total
-------------------------+-------+-------++-------
Melee: Hand axe          |    85 |    16 ||   101
       Headbutt          |    11 |     1 ||    12
       Punch             |     1 |       ||     1
Invok: Berserk           |     2 |       ||     2
 Stab: Distracted        |     1 |       ||     1
Armor: Animal skin       |    24 |       ||    24
Dodge: Dodged            |    78 |    13 ||    91
